[Event "ICC tourney 2753 (45 5)"]
[Site "Internet Chess Club"]
[Date "2021.12.04"]
[Round "2"]
[White "YANG, ALEXANDER:K05-16917728"]
[Black "YUAN, SERENA:doudou2011"]
[Result "1/2-1/2"]
[ICCResult "Game drawn by repetition"]
[WhiteElo "1660"]
[BlackElo "1604"]
[Opening "QGD: Tartakower (Makagonov-Bondarevsky) system, 8.cd Nxd5"]
[ECO "D59"]
[NIC "QO.10"]
[Time "13:15:27"]
[PlyCount "59"]
[TimeControl "2700+5"]

1. d4 d5 2. c4 e6 3. Nc3 Nf6 4. Bg5 Be7 5. Nf3 h6 6. Bh4 O-O 7. e3 b6 8.
cxd5 Nxd5 9. Bxe7 Qxe7 10. Nxd5 exd5 11. Bd3 Be6 12. O-O Nd7 13. Rc1 c5 14.
b3 Rac8 15. Qe2 Rfe8 16. Rfd1 Bg4 17. Bb5 cxd4 18. Rxc8 Rxc8 19. Rxd4 Rc1+
20. Rd1 Rxd1+ 21. Qxd1 Qc5 22. Qd4 Qxb5 23. Qxg4 Qe2 24. h3 Nf6 25. Qc8+ Kh7
26. Qf5+ Kg8 27. Qc8+ Kh7 28. Qf5+ Kg8 29. Qc8+ Kh7 30. Qf5+
{Game drawn by repetition}
1/2-1/2

[Event "ICC tourney 2753 (45 5)"]
[Site "Internet Chess Club"]
[Date "2021.12.04"]
[Round "2"]
[White "HE, EDEN:edenhe"]
[Black "THAIN, JACK:jt1819"]
[Result "0-1"]
[ICCResult "White checkmated"]
[WhiteElo "1480"]
[BlackElo "1694"]
[Opening "Bogo-Indian defense, Nimzovich variation"]
[ECO "E11"]
[NIC "QI.01"]
[Time "13:15:10"]
[PlyCount "74"]
[TimeControl "2700+5"]

1. d4 Nf6 2. c4 e6 3. Nf3 Bb4+ 4. Bd2 Qe7 5. a3 Bxd2+ 6. Nbxd2 d6 7. e4 e5
8. dxe5 dxe5 9. Be2 O-O 10. O-O b6 11. Qc2 Bb7 12. b4 Nbd7 13. Bd3 c5 14.
Qc3 Rfe8 15. Rfe1 Rad8 16. Nb3 Nh5 17. Rad1 Nf4 18. Bc2 f6 19. Nh4 g6 20.
Nf3 Ne6 21. bxc5 Ndxc5 22. Nxc5 Qxc5 23. Nd2 Rc8 24. Rb1 Ba6 25. Ba4 Red8
26. Rec1 Nd4 27. Qe3 Ne6 28. Qc3 Qd4 29. Rb2 Nf4 30. Qxd4 Rxd4 31. Rcc2 Nd3
32. Rb1 Nc5 33. Rb4 Rcd8 34. Nf1 Rxe4 35. Bc6 Re1 36. Bd5+ Rxd5 37. cxd5
Rxf1# {White checkmated} 0-1

[Event "ICC tourney 2753 (45 5)"]
[Site "Internet Chess Club"]
[Date "2021.12.04"]
[Round "2"]
[White "Anh, Phuc:Phucanhfananime"]
[Black "BRUDNO, STEPHEN:StevChess01"]
[Result "1-0"]
[ICCResult "Black resigns"]
[WhiteElo "1743"]
[BlackElo "1478"]
[Opening "Queen's pawn: London system"]
[ECO "A45"]
[NIC "QP.07"]
[Time "13:15:27"]
[PlyCount "95"]
[TimeControl "2700+5"]

1. d4 Nf6 2. Bf4 g6 3. e3 d6 4. Nf3 Nh5 5. Bg5 Ng7 6. Bh6 Bg4 7. Be2 Nd7 8.
c4 c6 9. Nc3 Ne6 10. Bxf8 Ndxf8 11. h3 Bxf3 12. Bxf3 Nc7 13. Qb3 Rb8 14. O-O
Nd7 15. Qa4 Nb6 16. Qxa7 Nxc4 17. Be2 b5 18. Bxc4 bxc4 19. Qa4 d5 20. Qxc6+
Qd7 21. Qxd7+ Kxd7 22. Rfb1 Rb4 23. b3 Ra8 24. bxc4 Rxc4 25. Nb5 Nxb5 26.
Rxb5 Kc6 27. Rb2 Ra3 28. Rab1 Ra7 29. g4 h6 30. Kg2 e6 31. Rb8 Kd6 32. R1b7
Rc7 33. Rxc7 Rxc7 34. Ra8 Ke7 35. h4 Kf6 36. Kg3 Rc2 37. a4 Ra2 38. a5 g5
39. hxg5+ hxg5 40. Ra7 Ra1 41. a6 Ra2 42. Ra8 Ra1 43. a7 Ra2 44. Kg2 Ra1 45.
f3 Ra2+ 46. Kf1 Ke7 47. Ke1 Kd7 48. Rf8 {Black resigns} 1-0

[Event "ICC tourney 2753 (45 5)"]
[Site "Internet Chess Club"]
[Date "2021.12.04"]
[Round "2"]
[White "Mason, Mike W:MikeWMason"]
[Black "STINSON, RUSSELL:rcstinson"]
[Result "0-1"]
[ICCResult "White resigns"]
[WhiteElo "1604"]
[BlackElo "1387"]
[Opening "Sicilian: Smith-Morra gambit"]
[ECO "B21"]
[NIC "SI.48"]
[Time "13:15:28"]
[PlyCount "60"]
[TimeControl "2700+5"]

1. e4 c5 2. d4 cxd4 3. c3 dxc3 4. Nxc3 e6 5. Nf3 Bb4 6. Bd2 d5 7. Bb5+ Nc6
8. O-O Ne7 9. Qb3 Bxc3 10. Bxc3 O-O 11. Rfd1 Qc7 12. Rac1 a6 13. Bd3 b5 14.
a4 bxa4 15. Qxa4 Qb6 16. exd5 exd5 17. Qh4 Bf5 18. Ng5 h6 19. Qh5 hxg5 20.
Qxg5 d4 21. Bxf5 Nxf5 22. Qxf5 dxc3 23. Rxc3 Rad8 24. Rdc1 Nd4 25. Qh5 Qh6
26. Qg4 f5 27. Qd1 Rfe8 28. Kh1 Ne2 29. Qb3+ Qe6 30. Qxe6+ Rxe6 {White
resigns} 0-1

[Event "ICC tourney 2753 (45 5)"]
[Site "Internet Chess Club"]
[Date "2021.12.04"]
[Round "2"]
[White "SKARIAH, ANUSHKA ELIZABETH:kskariah"]
[Black "YANG, LEFAN:cutefelix"]
[Result "1/2-1/2"]
[ICCResult "Game drawn by mutual agreement"]
[WhiteElo "1536"]
[BlackElo "1717"]
[Opening "Sicilian: Pelikan (Lasker/Sveshnikov) variation"]
[ECO "B33"]
[NIC "SI.35"]
[Time "13:15:27"]
[PlyCount "85"]
[TimeControl "2700+5"]

1. e4 c5 2. Nf3 Nc6 3. d4 cxd4 4. Nxd4 Nf6 5. Nc3 e5 6. Ndb5 d6 7. Be3 a6 8.
Na3 b5 9. Nd5 Nxd5 10. Qxd5 Bd7 11. Be2 Be7 12. O-O Rc8 13. c3 Be6 14. Qd2
O-O 15. Nc2 Kh8 16. Rad1 g6 17. b3 f5 18. f3 f4 19. Bf2 Na5 20. Nb4 Ra8 21.
Nd5 Bxd5 22. Qxd5 Qc7 23. Rc1 Rac8 24. Rfd1 Nb7 25. c4 b4 26. Be1 a5 27. Bf2
Nc5 28. Kh1 Qb6 29. Kg1 Qa6 30. Rb1 a4 31. Be1 axb3 32. axb3 Qa2 33. Bf1
Nxb3 34. Bxb4 Qa7+ 35. Kh1 Nc5 36. Ra1 Qb6 37. Rdb1 Rb8 38. Bxc5 Qxc5 39.
Qe6 Rxb1 40. Qxe7 Rxf1+ 41. Rxf1 Rc8 42. Qf6+ Kg8 43. Qe6+
{Game drawn by mutual agreement}
1/2-1/2

[Event "ICC tourney 2753 (45 5)"]
[Site "Internet Chess Club"]
[Date "2021.12.04"]
[Round "2"]
[White "HOSUR, SANMITA:phosur"]
[Black "PU, LANDON:landonp"]
[Result "0-1"]
[ICCResult "White forfeits on time"]
[WhiteElo "1347"]
[BlackElo "1610"]
[Opening "Grünfeld: 5.e3"]
[ECO "D94"]
[NIC "GI.09"]
[Time "13:15:09"]
[PlyCount "44"]
[TimeControl "2700+5"]

1. d4 Nf6 2. c4 g6 3. Nc3 d5 4. Nf3 Bg7 5. e3 O-O 6. Be2 c5 7. O-O Nc6 8. b3
cxd4 9. Nxd4 Nxd4 10. exd4 Be6 11. Bb2 Rc8 12. cxd5 Nxd5 13. Nxd5 Bxd5 14.
Rc1 Qd6 15. Qd3 f5 16. Rfd1 Be4 17. Qh3 Rfd8 18. Rxc8 Rxc8 19. Bc4+ Bd5 20.
Bxd5+ Qxd5 21. Qd3 Rd8 22. Qe3 e5 {White forfeits on time} 0-1

[Event "ICC tourney 2753 (45 5)"]
[Site "Internet Chess Club"]
[Date "2021.12.04"]
[Round "2"]
[White "ROMSAK, JASON:ZeroChillz"]
[Black "VISHWA, SUSHEEL:sushivishwa"]
[Result "0-1"]
[ICCResult "White resigns"]
[WhiteElo "1646"]
[BlackElo "1746"]
[Opening "Four knights game"]
[ECO "C47"]
[NIC "KP.06"]
[Time "13:15:15"]
[PlyCount "106"]
[TimeControl "2700+5"]

1. e4 e5 2. Nf3 Nc6 3. Nc3 Nf6 4. d3 Bb4 5. a3 Bxc3+ 6. bxc3 d5 7. exd5 Qxd5
8. c4 Qd6 9. Be2 O-O 10. O-O Re8 11. Bb2 Bd7 12. Re1 Rad8 13. Nd2 Nd4 14.
Bxd4 exd4 15. Bf3 Rxe1+ 16. Qxe1 Re8 17. Qd1 Bc6 18. h3 Re6 19. Bxc6 Qxc6
20. Nf3 Qd7 21. Qd2 Ra6 22. c3 dxc3 23. Qxc3 c5 24. d4 cxd4 25. Nxd4 Ne4 26.
Qe3 Nc5 27. Re1 h6 28. Qe8+ Qxe8 29. Rxe8+ Kh7 30. Re3 Ra4 31. Nb5 a6 32.
Nd6 f6 33. Re7 Kg6 34. Nxb7 Nxb7 35. Rxb7 Rxc4 36. Rb3 Kf5 37. Kf1 Ke4 38.
g3 a5 39. Re3+ Kd5 40. Ke2 Re4 41. Rxe4 Kxe4 42. f3+ Kd4 43. Kd2 h5 44. h4
a4 45. g4 g6 46. gxh5 gxh5 47. Kc2 f5 48. Kd2 f4 49. Kc2 Ke3 50. Kc3 Kxf3
51. Kb4 Kg3 52. Kxa4 Kxh4 53. Kb3 f3 {White resigns} 0-1

[Event "ICC tourney 2753 (45 5)"]
[Site "Internet Chess Club"]
[Date "2021.12.04"]
[Round "2"]
[White "RAVIND G N, RICNESH:RickyCarlsen"]
[Black "SHAH-GUSTAFSSON, LINNEA:Saga44"]
[Result "0-1"]
[ICCResult "White checkmated"]
[WhiteElo "1700"]
[BlackElo "995"]
[Opening "Anderssen's opening"]
[ECO "A00"]
[NIC "VO.14"]
[Time "13:15:27"]
[PlyCount "180"]
[TimeControl "2700+5"]

1. a3 e5 2. c4 Nf6 3. e3 Nc6 4. Qc2 Bc5 5. b4 Be7 6. d3 O-O 7. Nd2 d5 8.
cxd5 Qxd5 9. Qc4 Qxc4 10. Nxc4 Be6 11. Be2 Rad8 12. Nf3 Bd6 13. Bb2 Bxc4 14.
dxc4 Rfe8 15. O-O-O b6 16. Nh4 Ne7 17. Rd2 Ne4 18. Rc2 Nxf2 19. Rf1 Ne4 20.
Bd3 Nf6 21. c5 Bxc5 22. bxc5 Rxd3 23. cxb6 cxb6 24. Bxe5 Ned5 25. Bd4 Nxe3
26. Bxe3 Rdxe3 27. Kb2 Nd5 28. Rf5 Nf6 29. Rg5 R3e5 30. Rg3 h6 31. Rc7 a5
32. Rc6 R8e6 33. Rc8+ Re8 34. Rc6 R5e6 35. Rc7 Re2+ 36. Kb3 R2e3+ 37. Rc3
Rxc3+ 38. Rxc3 Kf8 39. Nf5 h5 40. Rc7 g6 41. Nd6 Re7 42. Rxe7 Kxe7 43. Nc8+
Kd7 44. Nxb6+ Kc7 45. Nc4 Ne4 46. Ne5 Nd6 47. Ka4 Kb6 48. h4 Nf5 49. Nxf7
Nxh4 50. Ne5 Nxg2 51. Nxg6 Ka6 52. Ne5 h4 53. Nf3 h3 54. Nh2 Ne3 55. Kb3 Kb5
56. a4+ Kc5 57. Kc3 Nd5+ 58. Kd3 Kb4 59. Ke4 Kxa4 60. Kxd5 Kb3 61. Ke4 a4
62. Nf1 a3 63. Nd2+ Kb2 64. Nc4+ Kc3 65. Nxa3 h2 66. Nb5+ Kb4 67. Nd4 h1=Q+
68. Ke5 Qh5+ 69. Ke4 Qg4+ 70. Ke5 Kc4 71. Ne6 Qe2+ 72. Kf5 Qe3 73. Nf4 Kd4
74. Ne6+ Kd5 75. Nf4+ Kd6 76. Kg4 Ke5 77. Ng6+ Kf6 78. Nf4 Qe4 79. Kg3 Kf5
80. Ng2 Qg4+ 81. Kf2 Ke4 82. Ne1 Qf4+ 83. Ke2 Qe3+ 84. Kd1 Kd5 85. Nc2 Qd3+
86. Kc1 Kc4 87. Ne1 Qe2 88. Nc2 Kc3 89. Na3 Qd2+ 90. Kb1 Qb2# {White
checkmated} 0-1

[Event "ICC tourney 2753 (45 5)"]
[Site "Internet Chess Club"]
[Date "2021.12.04"]
[Round "2"]
[White "OPASKA, MICHAEL:mopaska1106"]
[Black "VALE CRUZ, ARMIN:trucker"]
[Result "1-0"]
[ICCResult "Black checkmated"]
[WhiteElo "1856"]
[BlackElo "1672"]
[Opening "Modern defense"]
[ECO "A40"]
[NIC "QO.17"]
[Time "13:15:27"]
[PlyCount "69"]
[TimeControl "2700+5"]

1. d4 g6 2. Nf3 d6 3. Nc3 c6 4. e3 Nf6 5. Be2 Bg7 6. O-O O-O 7. Nd2 Nbd7 8.
f3 Qc7 9. e4 e5 10. dxe5 dxe5 11. Kh1 b5 12. Qe1 Nc5 13. Qf2 Ne6 14. Nb3 Rd8
15. Be3 Nd4 16. Rad1 Nxc2 17. Rxd8+ Qxd8 18. Rd1 Qc7 19. Bc5 Ne8 20. Bxb5
Nd4 21. Ba4 Be6 22. Nxd4 exd4 23. Bxd4 Nf6 24. Bc5 Ne8 25. Qc2 Qf4 26. Ne2
Qc7 27. Nd4 Bd7 28. Bb3 Nf6 29. Qc4 Be8 30. g3 Nd7 31. Ne6 Qe5 32. Rxd7 Bxd7
33. Nxg7 Qxg7 34. Bd4 Qh6 35. Qxf7# {Black checkmated} 1-0

[Event "ICC tourney 2753 (45 5)"]
[Site "Internet Chess Club"]
[Date "2021.12.04"]
[Round "2"]
[White "GU, MINGHAO:mancogu"]
[Black "CAREY, MICHAEL P:xyzchessdude"]
[Result "1-0"]
[ICCResult "Black forfeits on time"]
[WhiteElo "1654"]
[BlackElo "1785"]
[Opening "Sicilian: Boleslavsky variation, 7.Nb3"]
[ECO "B59"]
[NIC "SI.25"]
[Time "13:15:13"]
[PlyCount "151"]
[TimeControl "2700+5"]

1. e4 c5 2. Nf3 Nc6 3. d4 cxd4 4. Nxd4 Nf6 5. Nc3 d6 6. Be2 e5 7. Nb3 Be7 8.
Bg5 O-O 9. Qd2 a5 10. Bb5 Be6 11. Rd1 Rc8 12. Bxf6 Bxf6 13. Qxd6 Nd4 14.
Qxd8 Rfxd8 15. Bd3 a4 16. Nxd4 Rxd4 17. O-O Rb4 18. Rb1 a3 19. bxa3 Rxb1 20.
Nxb1 Bxa2 21. Nd2 Be7 22. Ra1 Be6 23. Kf1 f6 24. Ke2 Bc5 25. Rb1 Rc7 26. a4
Kf8 27. f3 Ke7 28. Nb3 Bxb3 29. Rxb3 b6 30. Kd2 Ra7 31. Bb5 Bg1 32. h3 Bd4
33. Kd3 Kd6 34. Rb1 Rc7 35. Rb3 Ra7 36. c3 Bc5 37. Rb1 Rc7 38. Ra1 Bf2 39.
c4 Bd4 40. Rb1 Ra7 41. Ke2 h6 42. h4 Re7 43. g3 Bc5 44. Rd1+ Bd4 45. f4 Kc5
46. Kf3 Ra7 47. f5 Ra8 48. Kg4 Ra7 49. Kh5 Rc7 50. Kg6 Ra7 51. Rd3 Rc7 52.
g4 Ra7 53. g5 hxg5 54. hxg5 fxg5 55. Kxg5 Rc7 56. Rh3 Ra7 57. Kg6 Kb4 58.
Rh7 Bc5 59. Rxg7 Ra8 60. f6 Kc3 61. f7 Bf8 62. Rg8 Kd4 63. Be8 Bd6 64. f8=Q
Bxf8 65. Rxf8 Rb8 66. Kf5 Rc8 67. Rg8 Rxc4 68. Bb5 Rc5 69. Rg6 Ke3 70. Rxb6
Kd4 71. Rd6+ Kc3 72. Rc6 Rxc6 73. Bxc6 Kd4 74. a5 Kc5 75. Bb7 Kd6 76. a6
{Black forfeits on time}
1-0

[Event "ICC tourney 2753 (45 5)"]
[Site "Internet Chess Club"]
[Date "2021.12.04"]
[Round "2"]
[White "VENKATESH, NARAYAN:narayan0811"]
[Black "QI, JENNY:eevee11"]
[Result "1-0"]
[ICCResult "Black checkmated"]
[WhiteElo "1673"]
[BlackElo "1318"]
[Opening "Grünfeld: exchange, Spassky variation"]
[ECO "D87"]
[NIC "GI.05"]
[Time "13:15:13"]
[PlyCount "157"]
[TimeControl "2700+5"]

1. d4 Nf6 2. c4 g6 3. Nc3 d5 4. cxd5 Nxd5 5. e4 Nxc3 6. bxc3 Bg7 7. Bc4 c5
8. Ne2 O-O 9. Be3 Nc6 10. O-O Qc7 11. dxc5 Ne5 12. Bb3 Ng4 13. Bf4 Qxc5 14.
h3 Nf6 15. Be3 Qc7 16. Qc2 Bd7 17. Rfd1 Bc6 18. f3 Rfd8 19. Nf4 Be8 20. Nd3
Nd7 21. Rac1 Nb6 22. c4 Rac8 23. Qf2 Na4 24. Nf4 b6 25. Nd5 Qb7 26. Bd4 e5
27. Be3 Nc5 28. Qh4 Ra8 29. Bg5 Rd7 30. Bf6 h5 31. Bxg7 Kxg7 32. Qf6+ Kg8
33. Qxe5 Rdd8 34. Qg5 Kg7 35. Nf6 Rxd1+ 36. Rxd1 Bc6 37. Nxh5+ Kh7 38. Nf6+
Kg7 39. Qe5 Kh6 40. g4 Kg7 41. Nh5+ Kf8 42. Qh8+ Ke7 43. Qf6+ Ke8 44. Nf4
Nd7 45. Qd6 Rc8 46. c5 bxc5 47. Nd5 Bxd5 48. Bxd5 Qc7 49. Bxf7+ Kxf7 50.
Qxd7+ Qxd7 51. Rxd7+ Ke6 52. Rd2 c4 53. Kf2 c3 54. Rc2 Ke5 55. Ke3 a5 56.
f4+ Ke6 57. Kd4 Rd8+ 58. Kxc3 Rc8+ 59. Kd3 Rxc2 60. Kxc2 Kd6 61. Kd3 Kc5 62.
Kc3 a4 63. a3 Kc6 64. Kd4 Kd6 65. h4 Ke6 66. h5 gxh5 67. gxh5 Kf6 68. e5+
Ke6 69. Ke4 Kf7 70. f5 Ke7 71. h6 Kf7 72. e6+ Kf6 73. h7 Kg7 74. e7 Kxh7 75.
e8=Q Kh6 76. Qh8+ Kg5 77. Qg7+ Kh4 78. Kf4 Kh3 79. Qg3# {Black checkmated}
1-0

[Event "ICC tourney 2753 (45 5)"]
[Site "Internet Chess Club"]
[Date "2021.12.04"]
[Round "3"]
[White "SHAH-GUSTAFSSON, LINNEA:Saga44"]
[Black "YANG, LEFAN:cutefelix"]
[Result "0-1"]
[ICCResult "White resigns"]
[WhiteElo "995"]
[BlackElo "1717"]
[Opening "Sicilian: Pelikan, Chelyabinsk variation"]
[ECO "B33"]
[NIC "SI.37"]
[Time "15:30:10"]
[PlyCount "57"]
[TimeControl "2700+5"]

1. e4 c5 2. Nf3 Nc6 3. d4 cxd4 4. Nxd4 Nf6 5. Nc3 e5 6. Ndb5 d6 7. Bg5 a6 8.
Na3 b5 9. Nd5 Be7 10. Nxe7 Nxe7 11. Bd3 Bb7 12. Qf3 Ng6 13. Bxf6 gxf6 14. c3
Nf4 15. O-O-O f5 16. g3 Nxd3+ 17. Qxd3 Bxe4 18. Qxd6 Qxd6 19. Rxd6 Bxh1 20.
Nc2 Ke7 21. Rd1 Bf3 22. Re1 Kf6 23. Ne3 Rad8 24. Nf1 Rd6 25. Ne3 Rhd8 26. h4
f4 27. gxf4 exf4 28. Nf1 Rd1+ 29. Kc2 {White resigns} 0-1

[Event "ICC tourney 2753 (45 5)"]
[Site "Internet Chess Club"]
[Date "2021.12.04"]
[Round "3"]
[White "VALE CRUZ, ARMIN:trucker"]
[Black "Montanari, Laura:oceana88"]
[Result "1-0"]
[ICCResult "Black resigns"]
[WhiteElo "1672"]
[BlackElo "1550"]
[Opening "Mieses opening"]
[ECO "A00"]
[NIC "VO.13"]
[Time "15:30:19"]
[PlyCount "44"]
[TimeControl "2700+5"]

1. d3 e5 2. g3 d5 3. Bg2 Nf6 4. Nd2 c5 5. c3 Nc6 6. Qa4 Bd6 7. Ngf3 O-O 8.
O-O Bd7 9. Qc2 Rc8 10. e4 d4 11. Nc4 Bc7 12. a4 Re8 13. Ne1 Bg4 14. f4 Qd7
15. f5 Bh5 16. h3 a6 17. a5 Qd8 18. Bg5 h6 19. Bxf6 Qxf6 20. g4 Bxg4 21.
hxg4 Qd8 22. Nf3 Nxa5 {Black resigns} 1-0

[Event "ICC tourney 2753 (45 5)"]
[Site "Internet Chess Club"]
[Date "2021.12.04"]
[Round "3"]
[White "VENKATESH, NARAYAN:narayan0811"]
[Black "TREUSDELL, ROSS G:IveDoneEnough"]
[Result "1-0"]
[ICCResult "Black resigns"]
[WhiteElo "1673"]
[BlackElo "1775"]
[Opening "Grünfeld: exchange, classical variation"]
[ECO "D86"]
[NIC "GI.05"]
[Time "15:30:20"]
[PlyCount "59"]
[TimeControl "2700+5"]

1. d4 Nf6 2. c4 g6 3. Nc3 d5 4. cxd5 Nxd5 5. e4 Nxc3 6. bxc3 Bg7 7. Bc4 b6
8. Ne2 Bb7 9. f3 c5 10. Be3 cxd4 11. cxd4 O-O 12. O-O Nc6 13. Rc1 Rc8 14.
Qd2 Na5 15. Bb3 Ba6 16. Rxc8 Qxc8 17. Rc1 Qd7 18. Nf4 Qb5 19. Nd5 Nxb3 20.
axb3 Qxb3 21. Nxe7+ Kh8 22. d5 Bf6 23. Bd4 Kg7 24. Bxf6+ Kxf6 25. Nc6 Qd3
26. Qxd3 Bxd3 27. Nxa7 b5 28. Nc6 Ra8 29. d6 Ke6 30. d7 {Black resigns} 1-0

[Event "ICC tourney 2753 (45 5)"]
[Site "Internet Chess Club"]
[Date "2021.12.04"]
[Round "3"]
[White "MEHTA, DHAIRYA MITUL:Chesschamp27"]
[Black "YANG, ALEXANDER:K05-16917728"]
[Result "1-0"]
[ICCResult "Black checkmated"]
[WhiteElo "1446"]
[BlackElo "1660"]
[Opening "Sicilian: Scheveningen, English variation"]
[ECO "B90"]
[NIC "SI.14"]
[Time "15:30:17"]
[PlyCount "67"]
[TimeControl "2700+5"]

1. e4 c5 2. Nf3 d6 3. d4 cxd4 4. Nxd4 Nf6 5. Nc3 a6 6. Be3 e6 7. Qd2 b5 8.
f3 Nbd7 9. O-O-O Bb7 10. g4 Nb6 11. Qf2 Nfd7 12. h4 Rc8 13. Kb1 Rxc3 14.
bxc3 Qc7 15. Qe1 Na4 16. Bd2 d5 17. Nb3 Ndc5 18. exd5 Bxd5 19. Bg2 g6 20. h5
Bg7 21. Rc1 Qd6 22. h6 Nxb3 23. cxb3 Qa3 24. Rc2 O-O 25. hxg7 Rb8 26. bxa4
bxa4+ 27. Ka1 Bb3 28. Qc1 Qc5 29. Be3 Qa5 30. Bd4 e5 31. Qh6 f5 32. Qxh7+
Kf7 33. g8=Q+ Kf6 34. Qgxg6# {Black checkmated} 1-0

[Event "ICC tourney 2753 (45 5)"]
[Site "Internet Chess Club"]
[Date "2021.12.04"]
[Round "3"]
[White "JIMENEZ, LUIS A:eltuna"]
[Black "Anh, Phuc:Phucanhfananime"]
[Result "0-1"]
[ICCResult "White resigns"]
[WhiteElo "1575"]
[BlackElo "1743"]
[Opening "Benkö gambit half accepted"]
[ECO "A57"]
[NIC "BI.43"]
[Time "15:30:15"]
[PlyCount "80"]
[TimeControl "2700+5"]

1. d4 Nf6 2. c4 c5 3. d5 b5 4. cxb5 a6 5. e3 d6 6. Nc3 axb5 7. Bxb5+ Nbd7 8.
Nf3 g6 9. O-O Bg7 10. e4 O-O 11. a4 Ba6 12. Qd3 Qb6 13. Bxa6 Qxa6 14. Qc2
Rfb8 15. Rb1 Ng4 16. b3 c4 17. Bg5 cxb3 18. Rxb3 Qc4 19. Rxb8+ Rxb8 20. Rc1
Rc8 21. Bd2 Nge5 22. Nxe5 Nxe5 23. Qa2 Nd3 24. Qxc4 Rxc4 25. Rc2 Bd4 26. Kf1
Nxf2 27. Rc1 Nd3 28. Rc2 Nc5 29. Rc1 Bxc3 30. Rxc3 Rxa4 31. e5 Rd4 32. exd6
exd6 33. Be3 Rxd5 34. Bxc5 dxc5 35. Ke2 h5 36. h4 Kf8 37. Rd3 Rxd3 38. Kxd3
Ke7 39. Kc4 Kd6 40. g3 Kc6 {White resigns} 0-1

[Event "ICC tourney 2753 (45 5)"]
[Site "Internet Chess Club"]
[Date "2021.12.04"]
[Round "3"]
[White "PU, LANDON:landonp"]
[Black "HE, EDEN:edenhe"]
[Result "1-0"]
[ICCResult "Black checkmated"]
[WhiteElo "1610"]
[BlackElo "1480"]
[Opening "French: Rubinstein variation"]
[ECO "C03"]
[NIC "FR.07"]
[Time "15:30:16"]
[PlyCount "81"]
[TimeControl "2700+5"]

1. e4 e6 2. d4 d5 3. Nd2 dxe4 4. Nxe4 Nd7 5. Bd3 Ngf6 6. Nf3 Be7 7. O-O O-O
8. Re1 b6 9. Bf4 Bb7 10. h3 Rc8 11. Qd2 c5 12. c3 cxd4 13. cxd4 Nd5 14. Bd6
N7f6 15. Nxf6+ Nxf6 16. Bxe7 Qxe7 17. Ne5 Rfd8 18. Rad1 h6 19. a3 Rd6 20.
Qf4 Nd5 21. Qg3 Rcd8 22. Ng4 Kh8 23. Ne5 Qf6 24. Re4 g5 25. h4 Nf4 26. hxg5
hxg5 27. Qh2+ Kg7 28. Ng4 Nxd3 29. Nxf6 Kxf6 30. Qh6+ Ke7 31. Qxg5+ Kd7 32.
Qb5+ Ke7 33. Qxd3 Bxe4 34. Qxe4 f5 35. Qe5 Rd5 36. Qg7+ Kd6 37. Rc1 Rd7 38.
Qf8+ Re7 39. Qb8+ Kd7 40. Qc8+ Kd6 41. Rc6# {Black checkmated} 1-0

[Event "ICC tourney 2753 (45 5)"]
[Site "Internet Chess Club"]
[Date "2021.12.04"]
[Round "3"]
[White "Singh, Jai  Prakash:jps7"]
[Black "HOSUR, SANMITA:phosur"]
[Result "1-0"]
[ICCResult "Black forfeits on time"]
[WhiteElo "1700"]
[BlackElo "1347"]
[Opening "Queen's pawn game, Darooha variation "]
[ECO "D02"]
[NIC "QP.08"]
[Time "15:30:10"]
[PlyCount "73"]
[TimeControl "2700+5"]

1. d4 d5 2. Nf3 Nf6 3. h3 e6 4. e3 c5 5. b3 Nc6 6. Bb2 Be7 7. a3 a6 8. Bd3
b5 9. dxc5 Bxc5 10. b4 Bd6 11. O-O O-O 12. Nbd2 e5 13. e4 h6 14. Qe2 d4 15.
Nh4 g6 16. Nhf3 Nh5 17. Nh2 Nf4 18. Qf3 Be7 19. Rad1 Bg5 20. Rfe1 Be6 21.
Ndf1 Qb6 22. Bc1 a5 23. Bxf4 Bxf4 24. g3 Bg5 25. h4 Be7 26. bxa5 Rxa5 27.
Rb1 Bxa3 28. Bxb5 Rxb5 29. Rxb5 Qxb5 30. Qxa3 Qa5 31. Qxa5 Nxa5 32. Nf3 f6
33. N3d2 Rc8 34. Ra1 Nc4 35. Nxc4 Bxc4 36. Nd2 f5 37. f3
{Black forfeits on time}
1-0

[Event "ICC tourney 2753 (45 5)"]
[Site "Internet Chess Club"]
[Date "2021.12.04"]
[Round "3"]
[White "QI, JENNY:eevee11"]
[Black "RAVIND G N, RICNESH:RickyCarlsen"]
[Result "0-1"]
[ICCResult "White checkmated"]
[WhiteElo "1318"]
[BlackElo "1700"]
[Opening "Sicilian: Kan variation"]
[ECO "B41"]
[NIC "SI.41"]
[Time "15:30:16"]
[PlyCount "70"]
[TimeControl "2700+5"]

1. e4 c5 2. Nf3 e6 3. d4 cxd4 4. Nxd4 a6 5. Be3 Qc7 6. Nc3 Nf6 7. f3 d6 8.
Qd2 b5 9. g4 Bb7 10. h4 Be7 11. Bg2 Nc6 12. h5 Ne5 13. b3 Rc8 14. Nce2 Nfd7
15. g5 Nc5 16. O-O-O b4 17. f4 Ng4 18. Bg1 Bxe4 19. Bxe4 Nxe4 20. Qe1 Qa5
21. Kb1 Qa3 22. Rd3 Rc5 23. Qc1 Qxc1+ 24. Nxc1 Ngf2 25. Bxf2 Nxf2 26. Rdd1
Nxh1 27. Rxh1 Kd7 28. Nd3 Rd5 29. Nf3 a5 30. Re1 Rb5 31. Kb2 Ra8 32. a3
bxa3+ 33. Kxa3 a4 34. bxa4 d5+ 35. Ka2 Rxa4# {White checkmated} 0-1

[Event "ICC tourney 2753 (45 5)"]
[Site "Internet Chess Club"]
[Date "2021.12.04"]
[Round "3"]
[White "YUAN, SERENA:doudou2011"]
[Black "STINSON, RUSSELL:rcstinson"]
[Result "1/2-1/2"]
[ICCResult "Game drawn because neither player has mating material"]
[WhiteElo "1604"]
[BlackElo "1387"]
[Opening "Old Benoni defense"]
[ECO "A46"]
[NIC "QP.06"]
[Time "15:30:18"]
[PlyCount "118"]
[TimeControl "2700+5"]

1. d4 Nf6 2. Nf3 c5 3. d5 e6 4. Nc3 exd5 5. Nxd5 b6 6. g3 Bb7 7. Nxf6+ Qxf6
8. Bg2 Be7 9. O-O O-O 10. Qd3 Ba6 11. Qe4 Nc6 12. c3 h6 13. Rd1 Rad8 14. Bf4
Rfe8 15. Qc2 d5 16. Bh3 Bd6 17. Be3 Bxe2 18. Qxe2 d4 19. cxd4 cxd4 20. Nxd4
Nxd4 21. Bxd4 Rxe2 22. Bxf6 gxf6 23. b3 Be7 24. Rxd8+ Bxd8 25. Rd1 Be7 26.
a4 Bc5 27. Rf1 Rb2 28. Bd7 Rxb3 29. Bb5 Rb2 30. Kg2 Kf8 31. h3 Kg7 32. Kf3
Kg6 33. g4 Rb3+ 34. Kg2 Rb2 35. Kg3 f5 36. Bd3 Rb3 37. gxf5+ Kf6 38. Rd1 Ra3
39. f3 Rxa4 40. Be4 Rd4 41. Ra1 b5 42. Ra5 Rb4 43. Ra6+ Ke5 44. Rxh6 a5 45.
Ra6 a4 46. Bd3 Rb3 47. Bxb5 Rxb5 48. Rxa4 Kxf5 49. Rf4+ Kg6 50. Rg4+ Kh7 51.
h4 Rb8 52. h5 Rg8 53. Kf4 Rxg4+ 54. fxg4 Kg7 55. Kf5 Be7 56. g5 Kh7 57. g6+
fxg6+ 58. hxg6+ Kg7 59. Ke6 Kxg6
{Game drawn because neither player has mating material}
1/2-1/2

[Event "ICC tourney 2753 (45 5)"]
[Site "Internet Chess Club"]
[Date "2021.12.04"]
[Round "3"]
[White "DOBBS, CAMPBELL AUGUSTUS:campbelldobbs"]
[Black "SKARIAH, ANUSHKA ELIZABETH:kskariah"]
[Result "0-1"]
[ICCResult "White resigns"]
[WhiteElo "1680"]
[BlackElo "1536"]
[Opening "French: exchange variation"]
[ECO "C01"]
[NIC "FR.01"]
[Time "15:30:15"]
[PlyCount "102"]
[TimeControl "2700+5"]

1. e4 e6 2. d4 d5 3. exd5 exd5 4. Bd3 Nf6 5. Nf3 Bd6 6. Qe2+ Qe7 7. Qxe7+
Bxe7 8. O-O O-O 9. Bf4 c5 10. c3 Nc6 11. Re1 Nh5 12. Be3 c4 13. Bc2 Bg4 14.
Nbd2 Bd6 15. h3 Bd7 16. Nf1 f5 17. Bd2 Rfe8 18. Ne3 Ne7 19. Nf1 Nc6 20. Re3
f4 21. Rxe8+ Rxe8 22. N1h2 Nf6 23. Re1 Rxe1+ 24. Bxe1 b5 25. a3 a5 26. Kf1
Kf8 27. Ng5 h6 28. Nh7+ Nxh7 29. Bxh7 g5 30. Bg6 Kg7 31. Bh5 b4 32. axb4
axb4 33. Ng4 Bf5 34. Ke2 b3 35. Bd2 Bd3+ 36. Kf3 Bc2 37. Ke2 Bd3+ 38. Ke1
Ne7 39. Be8 Bg6 40. Bd7 Bf5 41. Ne5 Bxe5 42. Bxf5 Nxf5 43. dxe5 Kf7 44. g3
fxg3 45. fxg3 Nxg3 46. h4 Ne4 47. Be3 Ke6 48. hxg5 Nxg5 49. Bf4 Kf5 50. Bg3
Nf3+ 51. Ke2 Nxe5 {White resigns} 0-1